 Dungeon Crawl Stone Soup version 0.25.0-1-g7eea58d2a3 (webtiles) character file.

Game seed: 17348538262936965649

91047 mortelune the Bludgeoner (level 16, -1/105 HPs)
             Began as a Gargoyle Fighter on June 14, 2020.
             Was the Champion of Okawaru.
             Killed from afar by Jorgrun (47 damage)
             ... with an iron shot
             ... on level 2 of the Orcish Mines.
             The game lasted 00:48:47 (29411 turns).

mortelune the Bludgeoner (Gargoyle Fighter)        Turns: 29411, Time: 00:48:48

Health: -1/105     AC: 40    Str: 31    XL:     16   Next: 2%
Magic:  0/23       EV: 11    Int: 14    God:    Okawaru [******]
Gold:   1759       SH: 16    Dex: 14    Spells: 15/15 levels left

rFire    + + .     SeeInvis .   R - +7 morningstar of Sunlight {vorpal, rF+ rN+ Dex+2}
rCold    + + .     Gourm    .   c - +0 kite shield
rNeg     + + .     Faith    .   q - +0 plate armour {rC+}
rPois    ∞         Spirit   +   r - +1 helmet {Int+3}
rElec    +         Reflect  .   b - scarf {rC+ rF+}
rCorr    .         Harm     .   F - +2 pair of gloves {Dex+3}
MR       +....                  l - +0 pair of boots {run}
Stlth    ..........             G - amulet of guardian spirit
HPRegen  0.27/turn              O - +6 ring of strength
MPRegen  0.18/turn              M - +4 ring of slaying

@: heroism, flying, studying Armour, quick
A: big wings, negative energy resistance 1, shaggy fur 1, electricity
resistance, wild magic 1, unbreathing, petrification resistance, rot immunity,
MP-powered wands, AC +12
a: Stop Flying, Heroism, Finesse, Renounce Religion


You were on level 2 of the Orcish Mines.
You worshipped Okawaru.
Okawaru was exalted by your worship.
You were not hungry.

You visited 4 branches of the dungeon, and saw 24 of its levels.
You also visited: Gauntlet and Ice Cave.

You collected 2192 gold pieces.
You spent 433 gold pieces at shops.

Inventory:

Hand Weapons
 R - the +7 morningstar of Sunlight (weapon) {vorpal, rF+ rN+ Dex+2}
   (You found it on level 11 of the Dungeon)

   It inflicts extra damage upon your enemies.
   It affects your dexterity (+2).
   It protects you from fire.
   It protects you from negative energy.
Missiles
 A - 19 silver javelins (quivered)
Armour
 b - a scarf of resistance (worn)
 c - a +0 kite shield (worn)
 l - a +0 pair of boots of running (worn)
 q - a +0 plate armour of cold resistance (worn)
 r - a +1 helmet of intelligence (worn)
 u - the +1 leather armour "Xoivag" {rC+ Regen+ Str+4}
   (You found it on level 4 of the Dungeon)

   It affects your strength (+4).
   It protects you from cold.
   It increases your rate of regeneration.
 y - the +4 pair of boots of Anaesthesia {rCorr}
   (You found it in a Gauntlet)

   It provides partial protection from all sources of acid and corrosion.
 F - a +2 pair of gloves of dexterity (worn)
 Q - the +0 plate armour of Qillo {rCorr Int+4}
   (You found it in a Gauntlet)

   It affects your intelligence (+4).
   It provides partial protection from all sources of acid and corrosion.
Jewellery
 G - an amulet of guardian spirit (around neck)
 I - an uncursed ring of protection from cold
 M - a +4 ring of slaying (right hand)
 O - a +6 ring of strength (left hand)
 S - an uncursed ring of see invisible
Wands
 d - a wand of disintegration (34)
 i - a wand of iceblast (25)
 D - a wand of digging (19)
 E - a wand of clouds (14)
 H - a wand of random effects (118)
 T - a wand of paralysis (7)
 U - a wand of polymorph (10)
Scrolls
 e - 4 scrolls of fear
 f - 2 scrolls of fog
 g - 2 scrolls of enchant weapon
 j - 2 scrolls of immolation
 m - 4 scrolls of remove curse
 t - 7 scrolls of teleportation
 B - 2 scrolls of blinking
 C - a scroll of holy word
 J - 5 scrolls of enchant armour
 L - 3 scrolls of magic mapping
 P - 4 scrolls of amnesia
 X - 2 scrolls of silence
 Y - a scroll of summoning
Potions
 a - 3 potions of lignification
 h - 4 potions of flight
 k - a potion of invisibility {unknown}
 n - 2 potions of haste
 o - 7 potions of heal wounds
 p - 2 potions of berserk rage
 s - 3 potions of brilliance
 w - 2 potions of might
 x - a potion of resistance
 K - 2 potions of mutation
 N - a potion of magic {unknown}
 V - 13 potions of curing
 W - 2 potions of stabbing
Books
 Z - a manual of Armour
Comestibles
 v - 34 rations
 z - 3 chunks of flesh


   Skills:
 + Level 13.9(18.9) Fighting
 - Level 15.0(20.0) Maces & Flails
 + Level 14.2(19.2) Armour
 + Level 13.8(18.8) Shields
 + Level 10.2 Invocations


You had 15 spell levels left.
You didn't know any spells.
Your spell library contained the following spells:

 Spells                   Type           Power        Failure   Level  Hunger
 Corona                   Hex            #......      82%         1    ##.....
 Magic Dart               Conj           #...         82%         1    ##.....
 Blink                    Tloc           N/A          91%         2    ###....
 Call Imp                 Summ           #.......     91%         2    ###....
 Ensorcelled Hibernation  Hex/Ice        #.....       91%         2    ###....
 Shroud of Golubria       Chrm/Tloc      #.....       91%         2    ###....
 Slow                     Hex            #.......     91%         2    ###....
 Confusing Touch          Hex            #.......     99%         3    ####...
 Conjure Flame            Conj/Fire      #.......     99%         3    ####...
 Dazzling Flash           Conj/Hex       #.....       99%         3    ####...
 Gell's Gravitas          Tloc           #.........   99%         3    ####...
 Inner Flame              Hex/Fire       #.......     99%         3    ####...
 Lesser Beckoning         Tloc           #.........   99%         3    ####...
 Mephitic Cloud           Conj/Pois/Air  #.......     99%         3    ####...
 Portal Projectile        Hex/Tloc       #.....       99%         3    ####...
 Teleport Other           Tloc           #.......     99%         3    ####...
 Tukima's Dance           Hex            #.......     99%         3    ####...
 Cause Fear               Hex            #.........   100%        4    #####..
 Leda's Liquefaction      Hex/Erth       #.........   100%        4    #####..
 Passage of Golubria      Tloc           N/A          100%        4    #####..
 Petrify                  Tmut/Erth      #.......     100%        4    #####..
 Metabolic Englaciation   Hex/Ice        #.........   100%        5    ######.
 Yara's Violent Unravell  Hex/Tmut       #.........   100%        5    ######.


Dungeon Overview and Level Annotations

Branches:
Dungeon (15/15)            Temple (1/1) D:4            Lair (6/6) D:10
 Shoals (0/4) Lair:3        Snake (0/4) Lair:4        Slime (0/5) Lair:6
    Orc (2/2) D:11         Vaults (0/5) D:14         Depths (0/5) D:15
  IceCv (visited)         Gauntlet (visited)
    Elf: Orc:2

Altars:
Ashenzari
Cheibriados
Dithmenos
Elyvilon
Fedhas
Gozag
Hepliaklqana
Kikubaaqudgha
Makhleb
Nemelex Xobeh
Okawaru
Qazlal
Ru
Sif Muna
Trog
Uskayaw
Vehumet
Wu Jian
Xom
Yredelemnul
Zin
The Shining One

Shops:
D:7 !(   D:8 ((   D:11 %   D:13 =   Orc:1 *

Annotations:
D:3 2 transporters, snowfan's ghost, amateur DEFE
Lair:1 2 transporters
Orc:1 3 runed translucent doors, Paschim's ghost, journeyman MiBe
Orc:2 Jorgrun


Innate Abilities, Weirdness & Mutations

You are resistant to torment.
Your stone body is resilient. (AC +12)
You are immune to poison.
Your large and strong wings let you fly indefinitely.
You resist negative energy. (rN+)
You are resistant to electric shocks. (rElec)
You can survive without breathing.
You are immune to petrification.
You are immune to rotting.
You are covered in fur. (AC +1)
Your spells are a little harder to cast, but a little more powerful.
You expend magic power (3 MP) to strengthen your wands.


Message History

Jorgrun is heavily wounded.
You gain the combat prowess of a mighty hero.
You block Jorgrun's attack.
You sock Jorgrun!
Jorgrun is severely wounded.
You block Jorgrun's attack.
You sock Jorgrun!
Jorgrun is severely wounded.
You block Jorgrun's attack.
You barely miss Jorgrun.
Jorgrun is severely wounded.
You sock Jorgrun!
Jorgrun is almost dead.
Jorgrun casts a spell at you. The iron shot hits you!!!
You closely miss Jorgrun.
Jorgrun is almost dead.
Jorgrun points at you and mumbles some strange words.
The iron shot hits you!!!
You die...

..... .....
## .....##
#.#
.......####..
........#...
..........#
#.......#
#....<..#
##...@..#
#...g..#
#......#
#......#
........#
.........#
...........
....#...####


You could see Jorgrun.

Vanquished Creatures
  Agnes (D:15)
  A frost giant (IceCv)
  A minotaur (Gauntlet)
  An ettin (D:11)
  A fire dragon (Lair:6)
  Josephine (D:12)
  Fannar (Lair:2)
  A ghost crab (Gauntlet)
  A death knight (D:11)
  4 hydras
  4 centaur warriors
  8 two-headed ogres
  A tengu warrior (D:14)
  11 death yaks
  Nergalle (Lair:3)
  An unseen horror (D:11)
  2 wizards
  Pikel (D:7)
  A lindwurm (Lair:6)
  An orc knight (D:13)
  13 ugly things
  4 deep elf magi
  4 necromancers
  An oklob plant (Lair:4)
  2 orc sorcerers (D:15)
  2 cyclopes
  2 manticores
  7 centaur zombies
  2 black mambas (Lair:4)
  An ice statue (IceCv)
  3 gargoyles
  5 torpor snails (Lair:6)
  15 spiny frogs
  A redback zombie (D:15)
  5 komodo dragons
  8 rime drakes
  An efreet (D:14)
  4 trolls
  A queen bee (Lair:3)
  8 hornets
  16 polar bears
  4 tyrant leeches (Lair:6)
  11 hippogriffs
  4 blink frogs (Lair:3)
  8 slime creatures (D:14)
  3 wraiths (D:12)
  2 centaur simulacra (Gauntlet)
  A water elemental (D:14)
  3 shadows
  A wyvern (Lair:4)
  5 basilisks
  38 yaks
  9 vampire mosquitoes
  5 hungry ghosts
  A harpy simulacrum (D:15)
  A warg (Orc:1)
  15 water moccasins
  An acid dragon (D:15)
  6 porcupines
  3 black bears
  10 orc warriors
  5 ice beasts
  2 sky beasts
  A necrophage (D:8)
  2 eyes of draining (D:12)
  30 wolves
  8 ogres
  6 centaurs
  9 crocodiles
  8 bullfrogs
  A spiny frog simulacrum (Gauntlet)
  A wyvern zombie (D:13)
  3 scorpions
  39 killer bees
  8 wights
  2 electric eels
  A howler monkey (D:14)
  13 crimson imps
  4 bullfrog zombies
  2 quasits
  13 jellies
  13 orc priests
  13 hounds
  20 orc wizards
  9 centaur skeletons
  Crazy Yiuf (D:4)
  Ijyb (D:5)
  5 iguanas
  6 hell rats (Lair:3)
  5 worker ants
  A hound zombie (D:6)
  A hound skeleton (D:7)
  A howler monkey skeleton (D:5)
  2 worker ant zombies
  4 gnolls
  19 adders
  6 shadow imps
  5 oozes
  An adder zombie (D:7)
  An adder skeleton (D:5)
  5 worms
  A dart slug (D:2)
  4 leopard geckos
  53 orcs
  10 giant cockroaches
  6 goblins
  7 hobgoblins
  7 jackals
  5 kobolds
  5 quokkas
  2 ball pythons
  7 bats
  6 frilled lizards
  A leopard gecko skeleton (D:7)
  7 rats
  A butterfly (Lair:3)
  2 plants (Lair:6)
681 creatures vanquished.

Vanquished Creatures (others)
  A centaur (D:7)
  A worker ant (D:14)
  8 plants
10 creatures vanquished.

Grand Total: 691 creatures vanquished

Notes
Turn   | Place    | Note
-------+----------+-------------------------------------------
     0 | D:1      | mortelune the Gargoyle Fighter began the quest for the Orb.
     0 | D:1      | Reached XP level 1. HP: 14/14 MP: 1/1
   141 | D:1      | Reached XP level 2. HP: 19/19 MP: 2/2
   786 | D:1      | Reached XP level 3. HP: 22/23 MP: 3/3
  1493 | D:2      | Reached XP level 4. HP: 29/29 MP: 4/4
  1607 | D:2      | Reached skill level 3 in Maces & Flails
  1859 | D:3      | Found a transporter.
  1898 | D:3      | Noticed snowfan's ghost (amateur DEFE)
  1996 | D:3      | Found a transporter.
  2228 | D:3      | Reached XP level 5. HP: 24/33 MP: 2/5
  2841 | D:4      | Found a staircase to the Ecumenical Temple.
  2841 | D:4      | Noticed an ogre
  3157 | D:4      | Reached skill level 4 in Maces & Flails
  3157 | D:4      | Reached XP level 6. HP: 36/39 MP: 6/6
  3237 | D:4      | Found a runed translucent door.
  3238 | D:4      | Noticed Crazy Yiuf
  3582 | Temple   | Entered the Ecumenical Temple
  3934 | Temple   | Became a worshipper of Warmaster Okawaru
  4429 | D:4      | Found a sparkling altar of Nemelex Xobeh.
  4429 | D:4      | Found an opulent altar of Gozag.
  4542 | D:4      | Reached XP level 7. HP: 36/44 MP: 5/7
  4648 | D:4      | Reached skill level 5 in Fighting
  4648 | D:4      | Reached skill level 5 in Maces & Flails
  4648 | D:4      | Reached skill level 5 in Armour
  4648 | D:4      | Reached skill level 5 in Shields
  4918 | D:4      | Killed Crazy Yiuf
  5092 | D:4      | Got a spiked leather armour
  5103 | D:4      | Identified the cursed +1 leather armour "Xoivag" {rC+
                  | Regen+ Str+4} (You found it on level 4 of the Dungeon)
  5220 | D:5      | Entered Level 5 of the Dungeon
  5292 | D:5      | Noticed Ijyb
  5930 | D:4      | Reached * piety under Okawaru
  6157 | D:5      | Killed Ijyb
  6234 | D:5      | You fall into a shaft and drop 3 floors!
  6245 | D:8      | Reached XP level 8. HP: 40/50 MP: 6/8
  6341 | D:8      | Reached skill level 6 in Maces & Flails
  6380 | D:8      | Found Iwai's Antique Weapon Boutique.
  6655 | D:8      | Noticed an eight-headed hydra
  6908 | D:8      | Reached ** piety under Okawaru
  6962 | D:8      | Reached skill level 7 in Maces & Flails
  7020 | D:8      | Reached XP level 9. HP: 12/56 MP: 2/9
  7712 | D:7      | Found Wuppypsi's Distillery.
  7716 | D:7      | Reached skill level 8 in Maces & Flails
  7731 | D:7      | Bought a potion of cancellation for 96 gold pieces
  7731 | D:7      | Bought a potion of heal wounds for 60 gold pieces
  7731 | D:7      | Bought a potion of flight for 36 gold pieces
  7731 | D:7      | Bought a potion of degeneration for 12 gold pieces
  7757 | D:7      | Found Ulyityarad's Antique Weapon Emporium.
  8451 | D:5      | Reached *** piety under Okawaru
  9496 | D:6      | Found a shimmering blue altar of Sif Muna.
  9496 | D:6      | Found a snail-covered altar of Cheibriados.
  9695 | D:7      | Reached XP level 10. HP: 59/63 MP: 10/10
  9720 | D:7      | Reached skill level 9 in Maces & Flails
  9963 | D:7      | Noticed Pikel
  9978 | D:7      | Killed Pikel
 10204 | D:7      | Reached **** piety under Okawaru
 10605 | D:8      | Killed an eight-headed hydra
 10885 | D:8      | Found Muth's Weapon Emporium.
 10950 | D:8      | Noticed a two-headed ogre
 10964 | D:8      | Killed a two-headed ogre
 10964 | D:8      | Reached skill level 10 in Maces & Flails
 12023 | D:9      | Noticed a two-headed ogre
 12032 | D:9      | Killed a two-headed ogre
 12032 | D:9      | Reached ***** piety under Okawaru
 12032 | D:9      | Reached XP level 11. HP: 57/69 MP: 6/11
 12101 | D:9      | Noticed a two-headed ogre
 12112 | D:9      | Killed a two-headed ogre
 12310 | D:9      | You fall into a shaft and drop 3 floors!
 12369 | D:12     | Reached skill level 11 in Maces & Flails
 12532 | D:12     | Noticed Josephine
 12532 | D:12     | Noticed a brown ugly thing
 12565 | D:12     | Noticed a cyclops
 12571 | D:12     | Noticed a seven-headed hydra
 12578 | D:12     | Killed a cyclops
 12578 | D:12     | Received a gift from Okawaru
 12589 | D:12     | Killed a seven-headed hydra
 12592 | D:12     | Noticed a white ugly thing
 12614 | D:12     | Killed a white ugly thing
 12698 | D:12     | Got a pair of crude boots {god gift}
 12709 | D:12     | Identified the +0 pair of boots of Honuihen {Str+4}
                  | (Okawaru gifted it to you on level 12 of the Dungeon)
 12917 | D:12     | Noticed a green ugly thing
 12929 | D:12     | Noticed a deep elf mage
 12929 | D:12     | Noticed a two-headed ogre
 12954 | D:11     | Killed a two-headed ogre
 13215 | D:10     | Entered Level 10 of the Dungeon
 13298 | D:10     | Found a staircase to the Lair.
 14147 | D:7      | Bought a pitted flail for 229 gold pieces
 14149 | D:7      | Identified the cursed +1 flail "Rezuukukhla" {vorpal, Int+4
                  | Dex-4 SInv} (You bought it in a shop on level 7 of the
                  | Dungeon)
 14341 | D:11     | Noticed a deep elf mage
 14341 | D:11     | Noticed an unseen horror
 14364 | D:11     | Killed a deep elf mage
 14364 | D:11     | Reached XP level 12. HP: 70/77 MP: 10/12
 14408 | D:11     | Reached skill level 10 in Fighting
 14408 | D:11     | Reached skill level 12 in Maces & Flails
 14408 | D:11     | Reached skill level 10 in Armour
 14408 | D:11     | Reached skill level 10 in Shields
 14552 | D:11     | Noticed a death knight
 14587 | D:11     | Killed a death knight
 14858 | D:11     | Noticed an ettin
 14875 | D:11     | Killed an ettin
 14885 | D:11     | Got a crude morningstar
 15006 | D:11     | Identified the +7 morningstar of Sunlight {vorpal, rF+ rN+
                  | Dex+2} (You found it on level 11 of the Dungeon)
 15073 | D:11     | Reached skill level 1 in Invocations
 15103 | D:11     | Found Negoc's Food Boutique.
 15426 | D:11     | Found a staircase to the Orcish Mines.
 15795 | D:12     | Received a gift from Okawaru
 15829 | D:12     | Killed Josephine
 16201 | D:12     | Got a crystal longbow
 16203 | D:12     | Gained mutation: You expend magic power (3 MP) to
                  | strengthen your wands. [potion of mutation]
 16203 | D:12     | Gained mutation: Your spells are a little harder to cast,
                  | but a little more powerful. [potion of mutation]
 16203 | D:12     | Gained mutation: You are covered in fur. (AC +1) [potion of
                  | mutation]
 16312 | Lair:1   | Entered Level 1 of the Lair of Beasts
 16663 | Lair:1   | Found a transporter.
 16735 | Lair:1   | Found a transporter.
 17227 | Lair:2   | Noticed Fannar
 17246 | Lair:2   | Killed Fannar
 17246 | Lair:2   | Reached skill level 13 in Maces & Flails
 17553 | Lair:2   | Noticed a death yak
 17554 | Lair:2   | Noticed a death yak
 17562 | Lair:2   | Killed a death yak
 17562 | Lair:2   | Reached ****** piety under Okawaru
 17562 | Lair:2   | Reached XP level 13. HP: 83/84 MP: 15/15
 18492 | Lair:3   | Found a gate leading to a gauntlet.
 18504 | Gauntlet | Entered a Gauntlet
 18504 | Gauntlet | Found a transporter.
 18504 | Gauntlet | Found a transporter.
 18504 | Gauntlet | Found a transporter.
 18505 | Gauntlet | Found a transporter.
 18506 | Gauntlet | Found a transporter.
 18509 | Gauntlet | Found a transporter.
 18517 | Gauntlet | Found a transporter.
 18517 | Gauntlet | Found a transporter.
 18518 | Gauntlet | Found a transporter.
 18520 | Gauntlet | Found a transporter.
 18530 | Gauntlet | Found a transporter.
 18539 | Gauntlet | Found a transporter.
 18703 | Gauntlet | Received a gift from Okawaru
 18794 | Gauntlet | Identified a +0 pair of boots of running (You found it in a
                  | Gauntlet)
 18842 | Gauntlet | Got a pair of ichor-stained boots
 18853 | Gauntlet | Identified the +4 pair of boots of Anaesthesia {rCorr} (You
                  | found it in a Gauntlet)
 18860 | Gauntlet | Got a faintly humming plate armour
 18871 | Gauntlet | Identified the cursed +0 plate armour of Qillo {rCorr
                  | Int+4} (You found it in a Gauntlet)
 18917 | Gauntlet | Noticed a minotaur
 18921 | Gauntlet | Killed a minotaur
 19282 | Lair:3   | Reached skill level 5 in Invocations
 19283 | Lair:3   | Noticed Nergalle
 19292 | Lair:3   | Killed Nergalle
 19375 | Lair:3   | Found a staircase to the Shoals.
 20205 | Lair:4   | Reached skill level 14 in Maces & Flails
 20500 | Lair:4   | Found a staircase to the Snake Pit.
 20824 | Lair:4   | Found a shimmering altar of Xom.
 21050 | Lair:4   | Received a gift from Okawaru
 21054 | Lair:4   | Gained mutation: Your large and strong wings let you fly
                  | indefinitely. [Gargoyle growth]
 21054 | Lair:4   | Reached XP level 14. HP: 81/91 MP: 15/18
 21653 | Lair:5   | You fall into a shaft and drop 1 floor!
 21653 | Lair:6   | Entered Level 6 of the Lair of Beasts
 21698 | Lair:6   | Identified the +6 longbow of Tartarus {speed, rElec MP+9}
                  | (You found it on level 12 of the Dungeon)
 21875 | Lair:6   | Found a runed translucent door.
 23194 | Lair:6   | Found a staircase to the Slime Pits.
 23414 | Lair:6   | Reached skill level 15 in Maces & Flails
 23690 | Lair:6   | Received a gift from Okawaru
 23964 | D:13     | Found a frozen archway.
 24105 | IceCv    | Entered an ice cave
 24777 | IceCv    | Noticed a frost giant
 24778 | IceCv    | Found the +6 lightning scales {run, rElec}
 24785 | IceCv    | Reached XP level 15. HP: 89/97 MP: 18/21
 24793 | IceCv    | Killed a frost giant
 25309 | D:13     | Identified the +5 scimitar of Foul Odors {vorpal, rElec
                  | rPois Int+2}
 25323 | D:13     | Received a gift from Okawaru
 25975 | D:13     | Found Qanier's Jewellery Emporium.
 27164 | D:14     | Found a gate to the Vaults.
 27638 | D:15     | Entered Level 15 of the Dungeon
 27856 | D:15     | Noticed Agnes
 27883 | D:15     | Killed Agnes
 27883 | D:15     | Received a gift from Okawaru
 27898 | D:15     | Identified a scroll of acquirement
 28353 | D:15     | Reached skill level 10 in Invocations
 28781 | D:15     | Received a gift from Okawaru
 28789 | D:15     | Reached XP level 16. HP: 92/105 MP: 20/23
 28857 | D:15     | Found a staircase to the Depths.
 28995 | Orc:1    | Entered Level 1 of the Orcish Mines
 29169 | Orc:1    | Found a runed translucent gate.
 29174 | Orc:1    | Found a runed translucent gate.
 29174 | Orc:1    | Found an opulent altar of Gozag.
 29180 | Orc:1    | Found a runed translucent gate.
 29182 | Orc:1    | Found Evyth's Assorted Antiques.
 29182 | Orc:1    | Noticed Paschim's ghost (journeyman MiBe)
 29394 | Orc:2    | Entered Level 2 of the Orcish Mines
 29394 | Orc:2    | Noticed Jorgrun
 29411 | Orc:2    | Killed from afar by Jorgrun

Illustrated notes

Levels and vault maps discovered:
D:1:      minmay_arrival_four_houses, layout_basic, minmay_tiny_reverse_x
D:2:      layout_rooms
D:3:      layout_loops_ring, gammafunk_ghost_stat_death
D:4:      layout_loops_corners, grunt_temple_overflow_opulence,
          minmay_temple_entry_tees, serial_bayou, serial_bayou_pond_c,
          serial_bayou_pond_e, serial_bayou_pond_c, serial_bayou_shore_b,
          serial_bayou_shore_b, serial_bayou_pond_e, first_ration,
          uniq_crazy_yiuf_cottage
D:5:      layout_cave_pools, minmay_checkerbox, uniq_ijyb
D:6:      layout_loops_ring, gammafunk_temple_overflow_elements
D:7:      layout_basic, serial_shops, shop, minivault_26,
          kennysheep_windowed_goal, uniq_pikel
D:8:      layout_loops_ring, serial_shops, shop, shop
D:9:      layout_loops_ring
D:10:     layout_basic, lair_entry_dummy
D:11:     minmay_shrinking_squares, layout_basic, orc_0_dummy, serial_shops,
          kennysheep_mini_moat
D:12:     layout_rooms, uniq_josephine
D:13:     layout_roguey, portal_ice_cave_rime, serial_shops,
          nicolae_shop_statue_plus
D:14:     layout_loops_ring, david_vaults_1, minivault_4
D:15:     grunt_enter_depths_magical_seal, layout_loops_ring,
          grunt_decor_fettered, minivault_4, uniq_agnes
Temple:   eino_narrow_crystal_temple
Lair:1:   gammafunk_cloud_chamber, layout_chaotic_city, serial_bayou_shore_a
Lair:2:   layout_layer_cave, uniq_fannar
Lair:3:   layout_hall_layers, minmay_shoals_entry_centaurs,
          gauntlet_entry_generic, special_room [special_room_bee],
          grunt_megastairs_5, lemuel_fruit_fields, uniq_nergalle
Lair:4:   layout_cellular_growth, minmay_snake_entry_six_corridors,
          lemuel_oklob_altar
Lair:5:   layout_regular_city, hangedman_lair_unloving_vines
Lair:6:   wormcave, layout_big_grid, minmay_slime_entry_jelly_boxes,
          minmay_lair_drake_nest
Orc:1:    layout_diamond_mine, basic_altar, ebering_ghost_gozag,
          nicolae_orc_bridge_out
Orc:2:    grunt_orc_community_town_hall, layout_diamond_mine,
          grunt_orc_community_big_house_2, grunt_orc_community_big_house_2,
          grunt_orc_community_house_3, grunt_orc_community_house_3,
          grunt_orc_community_house_2, grunt_orc_community_house_2,
          grunt_orc_community_house_2, uniq_jorgrun, uniq_donald, uniq_snorg

Skill      XL: |  1  2  3  4  5  6  7  8  9 10 11 12 13 14 15 |
---------------+----------------------------------------------+-----
Maces & Flails | 3 4 5 7 8 10 11 13 14 15 | 15.0
Fighting       | 4 5 6 7 8 9 10 11 12 13 | 13.9
Armour         | 4 5 6 7 8 9 10 11 12 14 | 14.2
Shields        | 4 5 6 7 8 9 10 11 12 13 | 13.8
Invocations    | 3 6 8 10 | 10.2

Action                   |  1- 3 |  4- 6 |  7- 9 | 10-12 | 13-15 | 16-18 || total
-------------------------+-------+-------+-------+-------+-------+-------++-------
Melee: Flail             |   131 |   292 |   132 |       |       |       ||   555
       Unarmed           |       |       |     6 |       |       |       ||     6
       Morningstar       |       |       |   464 |   760 |  1283 |    35 ||  2542
Invok: Heroism           |       |       |     4 |    12 |     6 |     1 ||    23
       Finesse           |       |       |       |     1 |     5 |       ||     6
 Abil: Fly               |       |       |       |       |     1 |       ||     1
Evoke: Wand              |       |       |     1 |       |       |       ||     1
  Use: Scroll            |       |       |    12 |     9 |     9 |       ||    30
       Potion            |       |       |     3 |     6 |       |       ||     9
  Eat: Chunk             |     2 |    10 |    15 |    20 |    28 |     3 ||    78
       Ration            |       |       |     1 |     3 |     2 |       ||     6
Armor: Scale mail        |    57 |   158 |   347 |   248 |       |       ||   810
       Plate armour      |       |       |       |   130 |   631 |     5 ||   766
Dodge: Dodged            |    40 |    98 |   208 |   193 |   294 |     5 ||   838
       Repelled          |       |       |       |     7 |       |       ||     7
Block: Kite shield       |    54 |   142 |   369 |   433 |   781 |    10 ||  1789
